 Dungeon Crawl Stone Soup version 0.28-a0-1567-g1695149f81 (webtiles) character file.

Game seed: 2753884146558143104

2930 tatocazan the Bolt Thrower (level 9, -4/68 HPs)
             Began as a Demonspawn Hunter on Jan 19, 2022.
             Slain by a cyclops (21 damage)
             ... on level 7 of the Dungeon.
             The game lasted 00:10:42 (9566 turns).

tatocazan the Bolt Thrower (Demonspawn Hunter)      Turns: 9566, Time: 00:10:43

Health: -4/68      AC: 11    Str: 23    XL:     9   Next: 50%
Magic:  9/9        EV: 10    Int: 14    God:
Gold:   442        SH:  0    Dex: 13    Spells: 8/8 levels left

rFire   . . .      SeeInvis .   x - +8 dagger "Ugu Puto" {venom, Str+7}
rCold   . . .      Faith    .   (no shield)
rNeg    . . .      Spirit   .   f - +1 chain mail
rPois   .          Reflect  .   (helmet restricted)
rElec   .          Harm     .   (no cloak)
rCorr   .          Rampage  .   (gloves unavailable)
Will    .....                   A - +0 pair of boots
Stlth   ..........              (no amulet)
HPRegen 0.21/turn               (no ring)
MPRegen 0.11/turn               (no ring)

@: no status effects
A: claws 3, hooves 1, horns 1
a: no special abilities


You were on level 7 of the Dungeon.
You visited 1 branch of the dungeon, and saw 7 of its levels.

You collected 442 gold pieces.

Inventory:

Hand Weapons
 a - a +1 hand crossbow
 b - a +0 short sword
 j - a +0 mace of draining
 o - a +2 dagger of venom
 x - the +8 dagger "Ugu Puto" (weapon) {venom, Str+7}
   (You found it on level 5 of the Dungeon)

   It poisons the flesh of those it strikes.
   Str:       It affects your strength (+7).
Missiles
 d - 31 bolts
Armour
 c - a +0 leather armour
 f - a +1 chain mail (worn)
 h - a +0 helmet
 A - a +0 pair of boots (worn)
Jewellery
 i - a ring of ice
 F - a ring of magical power
Wands
 E - a wand of flame (9)
 I - a wand of iceblast (9)
Scrolls
 g - 4 scrolls of vulnerability
 m - 9 scrolls of identify
 n - 3 scrolls of enchant armour
 q - 3 scrolls of immolation
 u - 3 scrolls of holy word {unknown}
 y - a scroll of summoning {unknown}
 B - a scroll of silence {unknown}
 D - a scroll of noise {unknown}
 G - a scroll of teleportation
Potions
 e - a potion of heal wounds
 k - 2 potions of curing
 l - a potion of magic {unknown}
 p - 3 potions of attraction {unknown}
 r - a potion of invisibility {unknown}
 s - 2 potions of degeneration {unknown}
 t - a potion of ambrosia {unknown}
 v - 3 potions of mutation {unknown}
 w - a potion of haste {unknown}
 z - a potion of cancellation {unknown}
 C - a potion of flight {unknown}
 H - a potion of might {unknown}
 J - a potion of lignification {unknown}


   Skills:
 + Level 5.6 Fighting
 - Level 1.7(2.5) Short Blades
 * Level 2.8(3.1) Long Blades
 - Level 3.1 Axes
 - Level 0.5(2.0) Maces & Flails
 * Level 7.9 Crossbows
 + Level 4.6 Armour
 + Level 5.0 Dodging
 - Level 0.8 Stealth


You had 8 spell levels left.
You didn't know any spells.
Your spell library contained the following spells:

 Spells                   Type           Power      Damage    Failure   Level
 Foxfire                  Conj/Fire      0%         2x1d4     91%         1
 Conjure Flame            Conj/Fire      0%         6-21      99%         3
 Inner Flame              Hex/Fire       0%         N/A       99%         3
 Flame Wave               Conj/Fire      0%         2d4       100%        4


Dungeon Overview and Level Annotations

Branches:
Dungeon (7/15)             Temple (0/1) D:7

Altars:
Dithmenos
Hepliaklqana
Ru
Sif Muna
Uskayaw
The Shining One

Shops:
D:3 (   D:6 :


Innate Abilities, Weirdness & Mutations

You have claws for hands.
You have large cloven feet.
You have a pair of small horns on your head.


Message History

Pikel is severely wounded.
Pikel hits you with a +1 whip of freezing.
Pikel freezes you. The lemure closely misses you.
You take 3 damage, and have 54/68 hp.
You hit Pikel.
Pikel looks as sick as possible!
Your headbutt misses Pikel.
Pikel is almost dead.
You kill Pikel!
With Pikel's spell broken, his former minions thank you for their freedom.
The lemure departs this earthly plane. x2
Your Dodging skill increases to level 5!
I - a wand of iceblast (9);
J - a glowing sapphire potion
Things that are here:
a +1 whip of freezing; a +0 robe You start resting.
A cyclops is nearby!
A cyclops is nearby!
You start resting.
A cyclops is nearby!
You regained 2 hp, and now have 58/68 hp.
A cyclops is nearby!
The cyclops hits you!!
You take 20 damage, and have 40/68 hp.
MASSIVE DAMAGE!!
You puncture the cyclops!
The cyclops is lightly wounded.
You hit the cyclops.
The cyclops is lightly wounded.
The cyclops hits you!
You take 7 damage, and have 33/68 hp.
You hit the cyclops.
The cyclops is poisoned.
The cyclops is moderately wounded.
The cyclops hits you!
* * * LOW HITPOINT WARNING * * *
You take 17 damage, and have 16/68 hp.
MASSIVE DAMAGE!!
You hit the cyclops.
The cyclops looks as sick as possible!
You headbutt the cyclops.
The cyclops is heavily wounded.
You puncture the cyclops!
The cyclops is severely wounded.
The cyclops hits you!!
You die...

#...#.....#####
#..........##.#
#....<.......## ....
##............# .....
#.......#.....#####
.....###......###........#
.....C.......## #..#.#####
.............####..##.#
......##....###.@..##.#
.....# #...)...C...##>##
....# #...........##..#
....# #..##........#.##
....# #..#..........##
....## #..#..........#
.....###.............##
K...................#.#
##..................###


You could see a cyclops (extremely poisoned).

Vanquished Creatures
  Pikel (D:7)
  Joseph (D:7)
  5 yaks (D:4)
  A water moccasin (D:7)
  An orc warrior (D:6)
  A black bear (D:5)
  2 necrophages
  An ice beast (D:4)
  An ogre (D:4)
  A lemure (D:7)
  A phantom (D:4)
  A water moccasin zombie (D:5)
  A scorpion (D:6)
  A howler monkey (D:6)
  A vampire bat (D:4)
  4 orc priests (D:6)
  2 centaur zombies (D:5)
  2 bullfrog skeletons
  2 iguanas
  A gnoll shaman (D:5)
  An orc wizard (D:6)
  2 hound skeletons
  Robin (D:2)
  A howler monkey zombie (D:5)
  3 gnolls (D:5)
  3 adders
  An adder skeleton (D:4)
  2 worms (D:2)
  A dart slug (D:1)
  4 orcs
  13 bats
  8 endoplasms
  2 giant cockroaches
  20 goblins
  8 hobgoblins
  4 jackals (D:2)
  3 quokkas
  A ball python (D:2)
  6 frilled lizards
  6 kobolds
  6 rats
127 creatures vanquished.

Vanquished Creatures (others)
  8 toadstools (D:7)
8 creatures vanquished.

Grand Total: 135 creatures vanquished

Notes
Turn   | Place    | Note
-------+----------+-------------------------------------------
     0 | D:1      | tatocazan the Demonspawn Hunter began the quest for the
                  | Orb.
     0 | D:1      | Reached XP level 1. HP: 16/16 MP: 1/1
   100 | D:1      | Found a faded altar of an unknown god.
   217 | D:1      | Discovered your monstrous ancestry.
   217 | D:1      | Gained mutation: You have sharp fingernails. [demonic
                  | ancestry]
   217 | D:1      | Reached XP level 2. HP: 22/22 MP: 2/2
   920 | D:1      | Reached skill level 4 in Crossbows
   920 | D:1      | Reached XP level 3. HP: 24/27 MP: 3/3
  1124 | D:2      | Reached skill level 1 in Armour
  1897 | D:2      | Noticed Robin
  1933 | D:2      | Gained mutation: You have large cloven feet. [demonic
                  | ancestry]
  1933 | D:2      | Reached XP level 4. HP: 12/34 MP: 4/4
  1945 | D:2      | HP: 1/34 [hobgoblin[Robin] (4)]
  2262 | D:2      | Killed Robin
  2717 | D:3      | Found Yvenegie's Antique Weapon Emporium.
  3440 | D:3      | Noticed a phantom
  4319 | D:4      | Noticed an ice beast
  4328 | D:4      | Killed an ice beast
  4329 | D:4      | Reached skill level 1 in Axes
  4329 | D:4      | Reached XP level 5. HP: 41/41 MP: 5/5
  4474 | D:4      | Noticed a phantom
  4483 | D:4      | Noticed an ogre
  4873 | D:4      | Noticed a yak
  4874 | D:4      | Noticed a yak
  4875 | D:4      | Noticed a yak
  4876 | D:4      | Noticed a yak
  4881 | D:4      | Noticed a yak
  4908 | D:4      | Killed a yak
  4909 | D:4      | Reached skill level 5 in Crossbows
  4909 | D:4      | Gained mutation: You have a pair of small horns on your
                  | head. [demonic ancestry]
  4909 | D:4      | Reached XP level 6. HP: 26/47 MP: 6/6
  4932 | D:4      | Killed a yak
  4942 | D:4      | Killed a yak
  4943 | D:4      | Gained mutation: You have very sharp fingernails. [demonic
                  | ancestry]
  4943 | D:4      | Reached XP level 7. HP: 35/53 MP: 7/7
  4952 | D:4      | Killed a yak
  5721 | D:4      | Reached skill level 6 in Crossbows
  5852 | D:4      | Killed a yak
  5853 | D:4      | Gained mutation: You have claws for hands. [demonic
                  | ancestry]
  5853 | D:4      | Reached XP level 8. HP: 26/60 MP: 8/8
  6866 | D:5      | Entered Level 5 of the Dungeon
  6909 | D:5      | Identified the +8 dagger "Ugu Puto" {venom, Str+7}
  7290 | D:5      | Reached skill level 1 in Short Blades
  7310 | D:5      | Reached skill level 7 in Crossbows
  7620 | D:5      | Found a shimmering blue altar of Sif Muna.
  7696 | D:5      | Found a hide-covered altar of Uskayaw.
  7703 | D:5      | Found a hazy altar of Hepliaklqana.
  7703 | D:5      | Found a sacrificial altar of Ru.
  7706 | D:5      | Found a shadowy altar of Dithmenos.
  7944 | D:6      | Reached skill level 5 in Fighting
  8322 | D:6      | Found Hovaw's Self-Improvement Boutique.
  8665 | D:7      | Reached XP level 9. HP: 61/68 MP: 9/9
  8826 | D:7      | Noticed Joseph
  8840 | D:7      | Killed Joseph
  8841 | D:7      | Reached skill level 1 in Long Blades
  9296 | D:7      | Identified the +0 ring mail "Koebaz" {rElec rN+ Int+3}
  9324 | D:7      | Found a staircase to the Ecumenical Temple.
  9325 | D:7      | Noticed a cyclops
  9327 | D:7      | Noticed Pikel
  9532 | D:7      | Killed Pikel
  9533 | D:7      | Reached skill level 5 in Dodging
  9566 | D:7      | Slain by a cyclops

Illustrated notes

Levels and vault maps discovered:
D:1:      saegor_arrival_miasma, layout_rooms,
          hellmonk_ecumenical_altar_pennies_from_heaven, kennysheep_nondescript
D:2:      layout_rooms, uniq_robin
D:3:      layout_basic, serial_shops, nicolae_shop_trees,
          minmay_randomly_rotated_circles
D:4:      layout_loops_corners, overflow_temple_1_default, roderic_batcave,
          hangedman_abyss_or_decor_stagger, abandoned_shop, abandoned_shop
D:5:      layout_rooms, minitemple, nicolae_overflow_crystal_walls,
          hangedman_decor_clover_reticule, skrybe_limestone_x
D:6:      layout_cave_pools, serial_glass, glass_columns_b, glass_columns_a,
          nicolae_shop_self_help
D:7:      cheibrodos_fertilizer, layout_layer_cave, minmay_temple_entry_trees,
          uniq_menkaure, uniq_joseph, uniq_pikel

Skill      XL: |  1  2  3  4  5  6  7  8  9 |
---------------+----------------------------+-----
Dodging        | 2 3 4 5 |  5.0
Crossbows      | 4 5 6 7 |  7.9
Armour         | 1 2 3 4 |  4.6
Fighting       | 3 4 5 |  5.6
Axes           | 1 2 3 |  3.1
Short Blades   | 1 |  1.7
Long Blades    | 2 |  2.8
Maces & Flails | |  0.5
Stealth        | |  0.8

Action                   |  1- 3 |  4- 6 |  7- 9 || total
-------------------------+-------+-------+-------++-------
Melee: Short sword       |    26 |       |       ||    26
       Mace              |    57 |       |       ||    57
       Dagger            |    25 |   106 |   213 ||   344
       Kick              |       |    35 |    38 ||    73
       Punch             |       |     2 |       ||     2
       Headbutt          |       |     5 |    49 ||    54
 Fire: Hand crossbow     |    29 |     9 |       ||    38
Evoke: Wand              |       |     4 |     1 ||     5
  Use: Potion            |     1 |     2 |       ||     3
       Scroll            |       |     5 |       ||     5
 Stab: Sleeping          |       |     1 |       ||     1
       Paralysed         |       |     9 |     6 ||    15
Armor: Leather armour    |    13 |       |       ||    13
       Chain mail        |    74 |   113 |   113 ||   300
Dodge: Dodged            |    63 |    53 |    90 ||   206

Table legend: (Time is in decaauts)
 A = Elapsed time spent in this place.
 B = Non-inter-level travel time spent in this place.
 C = Inter-level travel time spent in this place.
 D = Time resting spent in this place.
 E = Time spent auto-exploring this place.
 F = Levels seen in this place.
 G = Mean time per level.
                   A        B        C        D        E       F      G
               +--------+--------+--------+--------+--------+-----+--------+
         Total |   9593 |   9346 |    247 |   4000 |   4152 |   7 | 1370.4 |
       Dungeon |   9593 |   9346 |    247 |   4000 |   4152 |   7 | 1370.4 |
               +--------+--------+--------+--------+--------+-----+--------+

Top non-repeatable levels by time:
     D:4: 2645 daAuts
     D:2: 1673 daAuts
     D:1: 1428 daAuts
     D:3: 1155 daAuts
     D:5: 957 daAuts
     D:6: 928 daAuts
     D:7: 805 daAuts
